 Dungeon Crawl Stone Soup version 0.17.1-3-g152610e (webtiles) character file.

23 qmppu842 the Sneak (level 2, -8/13 HPs)
             Began as a Spriggan Enchanter on Feb 23, 2016.
             Mangled by Natasha (10 damage)
             ... on level 2 of the Dungeon.
             The game lasted 00:06:46 (1270 turns).

qmppu842 the Sneak (Spriggan Enchanter)             Turns: 1270, Time: 00:06:46

Health: -8/13      AC:  4    Str:  4    XL:     2   Next: 72%
Magic:  4/6        EV: 19    Int: 16    God:
Gold:   96         SH:  0    Dex: 16    Spells: 2 memorised, 3 levels left

rFire  . . .     SeeInvis +     a - +1 dagger
rCold  . . .     Clarity  .     b - +1 robe
rNeg   . . .     SustAt   +     (shield restricted)
rPois  .         Gourm    .     (helmet restricted)
rElec  .         Spirit   .     g - +0 cloak
rCorr  .         Warding  .     (gloves unavailable)
rMut   .         Stasis   .     (boots unavailable)
MR     .....                    (no amulet)
Stlth  +++.......               (no ring)
                                n - ring of sustain attributes

@: very quick, not resistant to hostile enchantments, fairly stealthy
A: unfitting armour, see invisible, herbivore 3, speed 3, slow metabolism 2
a: no special abilities


You were on level 2 of the Dungeon.
You were not hungry.

You visited 1 branch of the dungeon, and saw 2 of its levels.

You collected 96 gold pieces.

Inventory:

Hand Weapons
 a - a +1 dagger (weapon)
 k - a +0 dagger
 l - a +0 dagger
 r - a +0 whip
 t - a +0 club
Armour
 b - a +1 robe (worn)
 g - a +0 cloak (worn)
 h - a +0 cloak
 j - a +0 robe
 o - a +0 cloak
Jewellery
 n - a ring of sustain attributes (left hand)
 u - an uncursed ring of protection from fire {unknown}
Scrolls
 f - a scroll of blinking {unknown}
 p - 2 scrolls of identify
 s - a scroll of remove curse
Potions
 e - 2 potions of curing
 i - a potion of agility {unknown}
 m - a potion of haste {unknown}
 q - 2 potions of heal wounds {unknown}
Books
 c - a book of Maledictions

   Spells                             Type                      Level
   a - Corona                         Hexes                        1
   b - Ensorcelled Hibernation        Hexes/Ice                    2
   c - Confuse                        Hexes                        3
   d - Tukima's Dance                 Hexes                        3
   e - Dazzling Spray                 Conjuration/Hexes            3
Comestibles
 d - a bread ration


   Skills:
 + Level 0.1 Fighting
 + Level 1.1 Short Blades
 + Level 3.6 Dodging
 + Level 5.0 Stealth
 + Level 2.7 Spellcasting
 + Level 4.1 Hexes


You had 3 spell levels left.
You knew the following spells:

 Your Spells              Type           Power        Failure   Level  Hunger
a - Corona                Hex            ###....      4%          1    #......
b - Ensorcelled Hibernat  Hex/Ice        #.....       14%         2    ##.....


Dungeon Overview and Level Annotations

Branches:
Dungeon (2/15)

Altars:

Annotations:
D:2 Natasha


Innate Abilities, Weirdness & Mutations

You are tiny and cannot use many weapons and most armour.
You have supernaturally acute eyesight.
You are a herbivore.
You cover ground extremely quickly.
You need consume almost no food.


Message History

The crimson imp blinks!
Natasha misses you.
You closely miss Natasha.
Natasha mumbles some strange words.
You feel disoriented.
Natasha stares at you and mumbles some strange words.
The magic dart hits you! The white imp gestures at you.
The puff of frost hits you!
Ouch! That really hurt!
* * * LOW HITPOINT WARNING * * *
Natasha barely misses you. The white imp gestures at you.
The puff of frost misses you.
The puff of frost hits the crimson imp.
The crimson imp is frozen!
You hit Natasha.
Natasha is lightly wounded.
The crimson imp hits you but does no damage.
Natasha claws you!
Ouch! That really hurt!
You die...

#.. # ### ..$.. #.#
#...# ..# ##.#.#
#.##
##########..#.# ...
..##.....?...##.#
#.#
#.##......h5....#
#.#####.##......@.#
...#.....#.....5..#
.........'........#
...#.[............#
..................#
................###
....###.........#
....# #.........#
....# #.........#


You could see Natasha, a crimson imp and a white imp.

Vanquished Creatures
  A giant gecko (D:1)
  A giant cockroach (D:1)
  3 goblins (D:1)
  6 hobgoblins
  3 bats (D:1)
  4 kobolds (D:1)
  4 rats (D:1)
22 creatures vanquished.

Notes
Turn   | Place    | Note
--------------------------------------------------------------
     0 | D:1      | qmppu842 the Spriggan Enchanter began the quest for the Orb.
     0 | D:1      | Reached XP level 1. HP: 9/9 MP: 5/5
   314 | D:1      | Reached XP level 2. HP: 13/13 MP: 6/6
   536 | D:1      | Learned a level 2 spell: Ensorcelled Hibernation
   961 | D:1      | Reached skill level 5 in Stealth
  1194 | D:2      | Noticed Natasha
  1270 | D:2      | Mangled by Natasha

Action                   || total
-------------------------++-------
Melee: Dagger            ||    73
 Cast: Corona            ||     4
       Ensorcelled Hiber ||     2
  Use: Scroll            ||     3
 Stab: Sleeping          ||     5
